[ AOE2 MATCH · #508343914 ]
UnrankedBurgundians vs Teutons
Player's team · WIN
Rival team · LOSS
[ REPLAY ANALYSIS · EXTRACTED FROM THE RECORDED GAME ]
Feudal
10:58
Castle
16:47
Imperial
32:40
| APM avg | 33.0 |
| APM peak | 66 |
| eAPM avg | 22.4 |
| Villagers / military | 153 / 77 |
Focus
⚔️ 40.9% · 🌾 59.1%
Spearman ×33 · Hand Cannoneer ×17 · Flemish Militia ×14 · Monk ×3 · Bombard Cannon ×3 · Trebuchet (Packed) ×3
Feudal
9:00
Castle
23:39
Imperial
36:49
| APM avg | 57.6 |
| APM peak | 97 |
| eAPM avg | 35.3 |
| Villagers / military | 170 / 113 |
Focus
⚔️ 26.0% · 🌾 74.0%
Knight ×105 · Militia ×5 · Battering Ram ×2 · Mangonel ×1
Match map
Initial resources + every placement click. Lines = walls · curves = elevation contours. ◆ gold · ⬟ stone · ● berries · ✦ relic · ◌ wall gap
Your base· ✓ Closed at 16:47 · 18t walls · 2 gate(s)
LvT | ZcPeter's base· ✓ Closed at 23:39 · 29t walls · 3 gate(s)
Smoothed initial terrain · ◌ = detected wall gap · hover for details
Inputs per minute
— Hana - - LvT | ZcPeter
Build order — Hana
First 150 of 398 actions detected
| 0:00 | Queue | Villager (Male) |
| 0:01 | Queue | Villager (Male) |
| 0:02 | Build | House |
| 0:04 | Build | House |
| 0:04 | Queue | Villager (Male) |
| 0:04 | Queue | Villager (Male) |
| 1:24 | Queue | Villager (Male) |
| 1:24 | Queue | Villager (Male) |
| 1:46 | Queue | Villager (Male) |
| 2:00 | Build | Lumber Camp |
| 2:18 | Queue | Villager (Male) |
| 2:19 | Queue | Villager (Male) |
| 2:42 | Research | Double-Bit Axe |
| 2:54 | Queue | Villager (Male) |
| 3:25 | Queue | Villager (Male) |
| 3:44 | Queue | Villager (Male) |
| 3:44 | Queue | Villager (Male) |
| 3:49 | Build | House |
| 3:51 | Build | House |
| 4:11 | Queue | Villager (Male) |
| 4:25 | Queue | Villager (Male) |
| 4:26 | Queue | Villager (Male) |
| 4:41 | Build | House |
| 4:49 | Queue | Villager (Male) |
| 4:50 | Queue | Villager (Male) |
| 5:20 | Build | Mill |
| 5:22 | Queue | Villager (Male) |
| 5:44 | Queue | Villager (Male) |
| 5:45 | Queue | Villager (Male) |
| 5:45 | Queue | Villager (Male) |
| 6:14 | Queue | Villager (Male) |
| 6:16 | Build | Mill |
| 6:48 | Research | Horse Collar |
| 7:13 | Queue | Villager (Male) |
| 7:18 | Build | Mining Camp |
| 7:21 | Build | Mining Camp |
| 7:26 | Queue | Villager (Male) |
| 7:57 | Queue | Villager (Male) |
| 8:00 | Build | Farm |
| 8:25 | Build | Farm |
| 8:48 | Research | Feudal Age |
| 9:31 | Build | Palisade Wall |
| 9:47 | Build | Palisade Wall |
| 9:48 | Build | Palisade Wall |
| 9:50 | Build | Palisade Wall |
| 10:15 | Build | Palisade Wall |
| 10:32 | Build | Barracks |
| 10:38 | Build | Palisade Wall |
| 10:39 | Build | Palisade Wall |
| 10:42 | Build | Palisade Wall |
| 10:43 | Build | Palisade Wall |
| 10:45 | Build | Palisade Wall |
| 10:54 | Queue | Villager (Male) |
| 10:58 | Age | Feudal Age |
| 11:00 | Research | Loom |
| 11:03 | Build | Market |
| 11:07 | Build | House |
| 11:14 | Queue | Villager (Male) |
| 11:39 | Queue | Flemish Militia |
| 11:40 | Queue | Flemish Militia |
| 11:43 | Queue | Villager (Male) |
| 12:13 | Queue | Villager (Male) |
| 12:29 | Build | Blacksmith |
| 12:30 | Queue | Villager (Male) |
| 12:36 | Build | Farm |
| 12:38 | Build | Farm |
| 12:53 | Queue | Flemish Militia |
| 13:07 | Queue | Villager (Male) |
| 13:12 | Build | Watch Tower |
| 13:29 | Queue | Villager (Male) |
| 14:07 | Research | Castle Age |
| 14:33 | Research | Gold Mining |
| 14:38 | Queue | Flemish Militia |
| 14:38 | Queue | Flemish Militia |
| 14:53 | Research | Scale Mail Armor |
| 15:28 | Queue | Flemish Militia |
| 15:28 | Queue | Flemish Militia |
| 15:29 | Queue | Flemish Militia |
| 15:43 | Queue | Villager (Male) |
| 16:01 | Queue | Flemish Militia |
| 16:29 | Build | Farm |
| 16:30 | Build | Farm |
| 16:43 | Queue | Villager (Male) |
| 16:47 | Age | Castle Age |
| 16:52 | Build | Siege Workshop |
| 17:03 | Build | Monastery |
| 17:18 | Build | House |
| 17:26 | Queue | Battering Ram |
| 17:26 | Queue | Battering Ram |
| 17:45 | Build | House |
| 17:45 | Build | House |
| 17:51 | Queue | Villager (Male) |
| 18:11 | Build | Town Center |
| 18:33 | Queue | Villager (Male) |
| 18:50 | Queue | Villager (Male) |
| 18:50 | Queue | Villager (Male) |
| 19:01 | Build | Farm |
| 19:03 | Queue | Monk |
| 19:16 | Queue | Villager (Male) |
| 19:19 | Build | Farm |
| 19:30 | Build | Farm |
| 19:47 | Queue | Villager (Male) |
| 19:47 | Queue | Villager (Male) |
| 20:14 | Build | Gate |
| 20:21 | Queue | Villager (Male) |
| 20:31 | Build | Stone Wall |
| 20:36 | Build | Farm |
| 20:38 | Queue | Villager (Male) |
| 20:38 | Queue | Villager (Male) |
| 20:49 | Build | Farm |
| 20:49 | Build | Farm |
| 20:49 | Build | Farm |
| 20:50 | Build | Farm |
| 20:50 | Build | Farm |
| 20:50 | Build | Farm |
| 20:50 | Build | Farm |
| 20:54 | Queue | Monk |
| 21:10 | Queue | Villager (Male) |
| 21:16 | Queue | Villager (Male) |
| 21:21 | Build | Farm |
| 21:23 | Build | Farm |
| 21:24 | Build | Farm |
| 21:24 | Build | Farm |
| 21:37 | Queue | Villager (Male) |
| 21:37 | Queue | Villager (Male) |
| 21:57 | Build | Farm |
| 21:59 | Queue | Villager (Male) |
| 22:03 | Build | Town Center |
| 22:10 | Queue | Villager (Male) |
| 22:23 | Queue | Villager (Male) |
| 22:35 | Queue | Villager (Male) |
| 22:35 | Queue | Villager (Male) |
| 22:46 | Queue | Mangonel |
| 22:48 | Queue | Villager (Male) |
| 22:49 | Queue | Villager (Male) |
| 22:57 | Queue | Villager (Male) |
| 23:02 | Build | Farm |
| 23:03 | Build | Farm |
| 23:17 | Queue | Villager (Male) |
| 23:22 | Queue | Villager (Male) |
| 23:27 | Build | House |
| 23:28 | Build | House |
| 23:29 | Build | House |
| 23:35 | Queue | Villager (Male) |
| 23:38 | Build | Farm |
| 23:57 | Queue | Villager (Male) |
| 24:03 | Queue | Villager (Male) |
| 24:04 | Queue | Villager (Male) |
| 24:18 | Queue | Villager (Male) |
| 24:20 | Queue | Villager (Male) |
Build order — LvT | ZcPeter
First 150 of 506 actions detected
| 0:02 | Queue | Villager (Male) |
| 0:02 | Queue | Villager (Male) |
| 0:03 | Build | House |
| 0:04 | Build | House |
| 0:29 | Queue | Villager (Male) |
| 0:35 | Queue | Villager (Male) |
| 1:13 | Queue | Villager (Male) |
| 1:14 | Queue | Villager (Male) |
| 1:52 | Build | Lumber Camp |
| 1:59 | Queue | Villager (Male) |
| 1:59 | Queue | Villager (Male) |
| 2:18 | Queue | Villager (Male) |
| 2:19 | Queue | Villager (Male) |
| 2:36 | Queue | Villager (Male) |
| 2:54 | Queue | Villager (Male) |
| 2:54 | Queue | Villager (Male) |
| 2:59 | Build | House |
| 3:03 | Build | House |
| 3:31 | Queue | Villager (Male) |
| 3:31 | Queue | Villager (Male) |
| 3:46 | Queue | Villager (Male) |
| 4:05 | Build | Mill |
| 4:32 | Queue | Villager (Male) |
| 4:51 | Queue | Villager (Male) |
| 5:04 | Queue | Villager (Male) |
| 5:21 | Build | Mining Camp |
| 5:47 | Queue | Villager (Male) |
| 5:56 | Research | Loom |
| 6:05 | Research | Loom |
| 6:50 | Research | Feudal Age |
| 7:37 | Build | House |
| 7:40 | Build | House |
| 7:42 | Build | House |
| 9:00 | Age | Feudal Age |
| 9:03 | Build | Watch Tower |
| 9:08 | Build | Watch Tower |
| 9:09 | Research | Town Watch |
| 9:10 | Queue | Villager (Male) |
| 9:16 | Research | Double-Bit Axe |
| 9:16 | Research | Double-Bit Axe |
| 9:22 | Queue | Villager (Male) |
| 9:50 | Queue | Villager (Male) |
| 10:20 | Queue | Villager (Male) |
| 10:29 | Build | Mill |
| 10:34 | Build | House |
| 10:36 | Build | House |
| 11:32 | Queue | Villager (Male) |
| 11:34 | Build | Watch Tower |
| 11:43 | Build | Watch Tower |
| 11:48 | Queue | Villager (Male) |
| 12:22 | Queue | Villager (Male) |
| 12:24 | Build | Farm |
| 12:24 | Build | Farm |
| 12:24 | Build | Farm |
| 12:24 | Build | Farm |
| 12:43 | Queue | Villager (Male) |
| 12:55 | Queue | Villager (Male) |
| 12:57 | Build | Farm |
| 13:30 | Queue | Villager (Male) |
| 13:40 | Queue | Villager (Male) |
| 13:42 | Build | Blacksmith |
| 13:50 | Build | Stone Wall |
| 13:52 | Build | Stone Wall |
| 13:54 | Build | Stone Wall |
| 13:59 | Queue | Villager (Male) |
| 14:02 | Build | Farm |
| 14:06 | Build | Farm |
| 14:29 | Research | Fletching |
| 14:39 | Queue | Villager (Male) |
| 15:20 | Queue | Villager (Male) |
| 15:26 | Build | Mining Camp |
| 15:51 | Queue | Villager (Male) |
| 15:56 | Build | Farm |
| 15:59 | Build | Farm |
| 16:17 | Research | Horse Collar |
| 16:17 | Research | Horse Collar |
| 16:19 | Research | Wheelbarrow |
| 16:19 | Research | Wheelbarrow |
| 16:35 | Build | Watch Tower |
| 17:08 | Queue | Villager (Male) |
| 17:18 | Build | Watch Tower |
| 17:34 | Build | Watch Tower |
| 17:36 | Queue | Villager (Male) |
| 17:47 | Build | House |
| 18:05 | Queue | Villager (Male) |
| 18:26 | Build | Gate |
| 18:34 | Build | Stone Wall |
| 18:38 | Build | Stone Wall |
| 18:39 | Build | Stone Wall |
| 18:41 | Build | Stone Wall |
| 18:50 | Queue | Villager (Male) |
| 18:59 | Build | Farm |
| 18:59 | Build | Farm |
| 19:14 | Queue | Villager (Male) |
| 19:32 | Build | Market |
| 20:05 | Queue | Villager (Male) |
| 20:13 | Build | Stone Wall |
| 20:15 | Build | Stone Wall |
| 20:16 | Build | Stone Wall |
| 20:21 | Build | Stone Wall |
| 20:24 | Queue | Villager (Male) |
| 20:27 | Build | Stone Wall |
| 20:28 | Build | Stone Wall |
| 20:30 | Build | Stone Wall |
| 20:37 | Build | Stone Wall |
| 20:45 | Build | Stone Wall |
| 20:55 | Build | Lumber Camp |
| 20:59 | Research | Castle Age |
| 21:00 | Research | Castle Age |
| 21:11 | Build | Barracks |
| 21:15 | Build | Stone Wall |
| 21:22 | Build | Stone Wall |
| 21:23 | Build | Stone Wall |
| 21:30 | Build | Stone Wall |
| 21:34 | Build | Farm |
| 21:52 | Research | Man-at-Arms (upgrade) |
| 21:57 | Build | Stone Wall |
| 22:01 | Build | Stone Wall |
| 22:24 | Build | Stone Wall |
| 22:25 | Queue | Villager (Male) |
| 22:38 | Build | Stone Wall |
| 22:40 | Queue | Militia |
| 22:46 | Build | Farm |
| 22:53 | Build | House |
| 22:54 | Build | House |
| 23:02 | Queue | Militia |
| 23:03 | Queue | Militia |
| 23:15 | Build | House |
| 23:16 | Build | House |
| 23:25 | Research | Gold Mining |
| 23:25 | Research | Gold Mining |
| 23:34 | Queue | Militia |
| 23:39 | Age | Castle Age |
| 23:58 | Queue | Militia |
| 24:23 | Queue | Villager (Male) |
| 24:25 | Build | Town Center |
| 24:36 | Build | Town Center |
| 25:04 | Queue | Villager (Male) |
| 25:22 | Queue | Villager (Male) |
| 25:27 | Build | Town Center |
| 25:28 | Queue | Villager (Male) |
| 25:28 | Queue | Villager (Male) |
| 25:45 | Queue | Villager (Male) |
| 25:52 | Research | Bow Saw |
| 25:55 | Queue | Villager (Male) |
| 25:55 | Queue | Villager (Male) |
| 25:55 | Queue | Villager (Male) |
| 26:05 | Queue | Villager (Male) |
| 26:05 | Queue | Villager (Male) |
| 26:06 | Queue | Villager (Male) |
Match timeline
| 9:00 | LvT | ZcPeter · age_up feudal |
| 9:31 | Hana · wall_segment Palisade Wall x5 |
| 9:47 | Hana · wall_segment Palisade Wall x1 |
| 9:48 | Hana · wall_segment Palisade Wall x1 |
| 9:50 | Hana · wall_segment Palisade Wall x1 |
| 10:15 | Hana · wall_segment Palisade Wall x5 |
| 10:32 | Hana · first_building Barracks |
| 10:38 | Hana · wall_segment Palisade Wall x1 |
| 10:39 | Hana · wall_segment Palisade Wall x1 |
| 10:42 | Hana · wall_segment Palisade Wall x1 |
| 10:43 | Hana · wall_segment Palisade Wall x1 |
| 10:45 | Hana · wall_segment Palisade Wall x1 |
| 10:58 | Hana · age_up feudal |
| 13:44 | Hana · first_market_sell 500 wood |
| 13:45 | Hana · first_market_buy 100 food |
| 13:50 | LvT | ZcPeter · wall_segment Stone Wall x1 |
| 13:52 | LvT | ZcPeter · wall_segment Stone Wall x1 |
| 13:54 | LvT | ZcPeter · wall_segment Stone Wall x1 |
| 16:47 | Hana · age_up castle |
| 16:52 | Hana · first_building Siege Workshop |
| 17:03 | Hana · first_building Monastery |
| 18:34 | LvT | ZcPeter · wall_segment Stone Wall x1 |
| 18:38 | LvT | ZcPeter · wall_segment Stone Wall x1 |
| 18:39 | LvT | ZcPeter · wall_segment Stone Wall x1 |
| 18:41 | LvT | ZcPeter · wall_segment Stone Wall x1 |
| 20:13 | LvT | ZcPeter · wall_segment Stone Wall x1 |
| 20:15 | LvT | ZcPeter · wall_segment Stone Wall x1 |
| 20:16 | LvT | ZcPeter · wall_segment Stone Wall x2 |
| 20:21 | LvT | ZcPeter · wall_segment Stone Wall x1 |
| 20:27 | LvT | ZcPeter · wall_segment Stone Wall x1 |
| 20:28 | LvT | ZcPeter · wall_segment Stone Wall x1 |
| 20:30 | LvT | ZcPeter · wall_segment Stone Wall x1 |
| 20:31 | Hana · wall_segment Stone Wall x1 |
| 20:37 | LvT | ZcPeter · wall_segment Stone Wall x1 |
| 20:45 | LvT | ZcPeter · wall_segment Stone Wall x1 |
| 20:57 | LvT | ZcPeter · first_market_sell 100 food |
| 21:11 | LvT | ZcPeter · first_building Barracks |
| 21:15 | LvT | ZcPeter · wall_segment Stone Wall x4 |
| 21:22 | LvT | ZcPeter · wall_segment Stone Wall x1 |
| 21:23 | LvT | ZcPeter · wall_segment Stone Wall x1 |
| 21:30 | LvT | ZcPeter · wall_segment Stone Wall x1 |
| 21:57 | LvT | ZcPeter · wall_segment Stone Wall x4 |
| 22:01 | LvT | ZcPeter · wall_segment Stone Wall x1 |
| 22:24 | LvT | ZcPeter · wall_segment Stone Wall x1 |
| 22:38 | LvT | ZcPeter · wall_segment Stone Wall x1 |
| 23:39 | LvT | ZcPeter · age_up castle |
| 24:30 | LvT | ZcPeter · first_market_buy 100 stone |
| 26:27 | LvT | ZcPeter · first_building Siege Workshop |
| 29:38 | LvT | ZcPeter · wall_segment Stone Wall x1 |
| 29:39 | LvT | ZcPeter · wall_segment Stone Wall x1 |
| 29:39 | LvT | ZcPeter · wall_segment Stone Wall x1 |
| 29:42 | LvT | ZcPeter · wall_segment Stone Wall x1 |
| 29:45 | LvT | ZcPeter · wall_segment Stone Wall x1 |
| 29:46 | LvT | ZcPeter · wall_segment Stone Wall x1 |
| 29:47 | LvT | ZcPeter · wall_segment Stone Wall x1 |
| 29:47 | LvT | ZcPeter · wall_segment Stone Wall x1 |
| 30:54 | Hana · wall_segment Stone Wall x15 |
| 31:34 | LvT | ZcPeter · first_building Castle |
| 31:40 | Hana · first_building Castle |
| 31:52 | Hana · first_building Archery Range |
| 32:01 | Hana · wall_segment Stone Wall x9 |
| 32:09 | Hana · wall_segment Stone Wall x23 |
| 32:40 | Hana · age_up imperial |
| 33:48 | LvT | ZcPeter · first_building Stable |
| 33:56 | Hana · wall_segment Stone Wall x10 |
| 34:24 | Hana · wall_segment Stone Wall x1 |
| 36:49 | LvT | ZcPeter · age_up imperial |
| 41:08 | LvT | ZcPeter · wall_segment Palisade Wall x1 |
| 42:54 | LvT | ZcPeter · resign |
[ AI ANALYSIS · 1 CREDIT ]
What really happened in this match?
Wolo.gg analyzes every decision: build order, eco, micro, common mistakes by bracket. Personalized analysis on WhatsApp or Discord in 30 seconds.
Civ guide
Burgundians
Perfil
Hana